 Dungeon Crawl Stone Soup version 0.31-a0-963-ga325b2283a (webtiles) character file.

Game seed: 14064868214570256802

1540 pokeman the Thaumaturge (level 8, -2/40 (46) HPs)
             Began as a Deep Elf Hedge Wizard on Oct 25, 2023.
             Slain by a wight
             ... wielding a +0 battleaxe
              (14 damage)
             ... on level 6 of the Dungeon.
             The game lasted 00:11:00 (5544 turns).

pokeman the Thaumaturge (Deep Elf Hedge Wizard)     Turns: 5544, Time: 00:11:01

HP:   -2/40 (46)    AC:  9    Str:  7    XL:     8   Next: 56%
MP:   14/22         EV: 12    Int: 22    God:
Gold: 119           SH:  0    Dex: 20    Spells: 11/24 levels left

rFire   . . .        y - +2 quarterstaff (chaos)
rCold   + . .        (shield currently unavailable)
rNeg    . . .        B - +2 leather armour {rC+}
rPois   .            w - +0 helmet
rElec   .            p - +0 cloak {rCorr}
rCorr   +            r - +0 pair of gloves
SInv    .            n - +0 pair of boots
Will    .....        (no amulet)
Stlth   ++           l - ring of flight
HPRegen 0.26/turn    s - +6 ring of dexterity
MPRegen 0.18/turn

%: no passive effects
@: flying, heavily drained
A: no striking features
a: no special abilities


You were on level 6 of the Dungeon.
You visited 1 branch of the dungeon, and saw 6 of its levels.
You also visited: Sewer.

You collected 239 gold pieces.
You spent 120 gold pieces at shops.

Inventory:

Hand Weapons
 y - a +2 quarterstaff of chaos (weapon)
Missiles
 a - a throwing net
Armour
 n - a +0 pair of boots (worn)
 p - a +0 cloak of preservation (worn)
 r - a +0 pair of gloves (worn)
 w - a +0 helmet (worn)
 B - a +2 leather armour of cold resistance (worn)
 C - a +0 kite shield
Magical Staves
 A - a staff of conjuration
Jewellery
 l - a ring of flight (left hand)
 s - a +6 ring of dexterity (right hand)
Scrolls
 b - a scroll of blinking {unknown}
 g - 2 scrolls of fog {unknown}
 h - 8 scrolls of identify
 t - a scroll of poison {unknown}
 u - 6 scrolls of noise {unknown}
 v - a scroll of fear {unknown}
 z - 4 scrolls of teleportation {unknown}
Potions
 c - a potion of brilliance {unknown}
 d - a potion of magic
 e - 2 potions of mutation {unknown}
 f - 5 potions of heal wounds
 i - a potion of haste {unknown}
 j - a potion of attraction {unknown}
 k - 5 potions of curing
 m - a potion of might {unknown}
 o - a potion of lignification {unknown}
 q - 2 potions of enlightenment
 x - a potion of degeneration {unknown}


   Skills:
 - Level 3.0 Fighting
 + Level 2.7 Armour
 - Level 3.0 Dodging
 - Level 3.0 Stealth
 + Level 8.7 Spellcasting
 + Level 7.2 Conjurations
 - Level 1.1 Summonings
 - Level 1.1 Translocations
 - Level 1.2 Transmutations
 - Level 1.1 Air Magic
 - Level 1.2 Poison Magic


You had 11 spell levels left.
You knew the following spells:

 Your Spells              Type           Power      Damage    Failure   Level
a - Magic Dart            Conj           100%       1d8       1%          1
b - Mephitic Cloud        Conj/Pois/Air  23%        N/A       9%          3
c - Call Imp              Summ           28%        N/A       10%         2
d - Blink                 Tloc           28%        N/A       10%         2
e - Irradiate             Conj/Tmut      14%        3d16      43%         5

Your spell library contained the following spells:

 Spells                   Type           Power      Damage    Failure   Level
 Wereblood                Tmut           15%        N/A       9%          2
 Slow                     Hex            36%        N/A       10%         1
 Cigotuvi's Dreadful Rot  Necr/Pois/Air  26%        N/A       11%         2


Dungeon Overview and Level Annotations

Branches:
Dungeon (6/15)              Sewer (visited)
 Temple: D:4-7

Altars:
Yredelemnul

Shops:
D:4 ?

Annotations:
D:3 1 runed translucent door, kd29's ghost, amateur MfSu


Message History

You feel sick.
The wight hits your cerulean imp with a +0 battleaxe!
Your cerulean imp hits the wight but does no damage.
You feel sick.
The wight hits your cerulean imp with a +0 battleaxe.
Your cerulean imp dies!
Your cerulean imp disappears in a puff of smoke!
Casting: Call Imp (safe; 10% risk of failure)
Confirm with . or Enter, or press ? or * to list all spells.
Aiming: Magic Dart (safe; 1% risk of failure)
Press: ? - help, Shift-Dir - straight line, f/p - wight
Aim: a wight, wielding a +0 battleaxe, wearing a +0 robe and quivering poisoned darts (100% to hit)
The magic dart hits the wight.
The wight is lightly damaged.
You feel sick.
You are no longer poisoned.
Casting: Magic Dart (safe; 1% risk of failure)
Confirm with . or Enter, or press ? or * to list all spells.
Aiming: Magic Dart (safe; 1% risk of failure)
Press: ? - help, Shift-Dir - straight line, f/p - wight
Aim: a wight, wielding a +0 battleaxe, wearing a +0 robe and quivering poisoned darts (lightly damaged, 100% to hit)
The magic dart hits the wight.
The wight is lightly damaged.
Unknown command.
Casting: Magic Dart (safe; 1% risk of failure)
Confirm with . or Enter, or press ? or * to list all spells.
A tiny devil pulls itself out of the air.
The wight hits you with a +0 battleaxe!
You feel drained.
You hit the wight. You burn the wight.
The wight is moderately damaged.
The wight hits you with a +0 battleaxe.
You feel drained.
Your cerulean imp hits the wight but does no damage.
The wight hits you with a +0 battleaxe!
You feel drained.
* * * LOW HITPOINT WARNING * * *
Your magical contamination has completely faded away.
You sock the wight!
The wight is almost destroyed.
Your cerulean imp hits the wight but does no damage.
The wight hits you with a +0 battleaxe!
You die...

#####..z###
#...h.z.....####
#.##.z... #....# #.# ..#
#.##.# #.#### # #.##.#
#....#+# #.##.# ####.5.#
#.##.# #..#####.##.#
#@z)........#
########.####
#######################.#
#.<................)....#
#########################


You could see a wight (ally target) and a friendly cerulean imp (summoned).

Vanquished Creatures
  Pikel (D:4)
  Sigmund (D:3)
  An ogre (D:5)
  2 kobold brigands (Sewer)
  A scorpion (D:5)
  2 wights (D:6)
  A howler monkey (D:5)
  2 jellies (D:5)
  Crazy Yiuf (D:4)
  2 orc priests (D:5)
  2 hounds
  An iguana (D:5)
  Robin (D:4)
  10 adders
  3 river rats (Sewer)
  A worm (D:2)
  2 dart slugs
  5 orcs
  10 ball pythons
  10 endoplasms
  5 giant cockroaches
  16 goblins
  12 hobgoblins
  5 jackals
  10 kobolds
  5 quokkas
  6 bats
  2 frilled lizards
  6 rats
126 creatures vanquished.

Vanquished Creatures (collateral kills)
  A giant cockroach (D:4)
  A rat (Sewer)
2 creatures vanquished.

Grand Total: 128 creatures vanquished

Notes
Turn   | Place    | Note
-------+----------+-------------------------------------------
     0 | D:1      | pokeman the Deep Elf Hedge Wizard began the quest for the
                  | Orb.
     0 | D:1      | Reached XP level 1. HP: 10/10 MP: 7/7
   372 | D:1      | Reached XP level 2. HP: 16/16 MP: 6/9
   954 | D:1      | Reached skill level 5 in Spellcasting
  1292 | D:1      | Reached XP level 3. HP: 20/20 MP: 8/11
  1296 | D:1      | Learned a level 3 spell: Mephitic Cloud
  1299 | D:1      | Learned a level 2 spell: Call Imp
  1302 | D:1      | Learned a level 2 spell: Blink
  1495 | D:2      | Reached skill level 1 in Fighting
  1495 | D:2      | Reached skill level 1 in Armour
  1724 | D:2      | Reached XP level 4. HP: 25/25 MP: 0/13
  1970 | D:2      | Found a faded altar of an unknown god.
  2757 | D:3      | Found a runed translucent door.
  2763 | D:3      | Noticed kd29's ghost (amateur MfSu)
  2977 | D:3      | Noticed Sigmund
  2999 | D:3      | Killed Sigmund
  3000 | D:3      | Reached XP level 5. HP: 8/29 MP: 1/15
  3000 | D:3      | Reached XP level 6. HP: 9/34 MP: 1/16
  3083 | D:3      | Found a glowing drain.
  3161 | Sewer    | Entered a sewer
  3174 | Sewer    | Reached skill level 6 in Spellcasting
  3295 | Sewer    | Reached skill level 5 in Conjurations
  3295 | Sewer    | Reached skill level 1 in Air Magic
  3295 | Sewer    | Reached skill level 1 in Poison Magic
  3314 | Sewer    | HP: 1/34 [poisoned by a kobold brigand (curare-tipped
                  | dart)]
  3459 | Sewer    | Found a white marble altar of Elyvilon.
  3782 | D:4      | Noticed Pikel
  3803 | D:4      | Killed Pikel
  3804 | D:4      | Reached skill level 7 in Spellcasting
  3804 | D:4      | Reached XP level 7. HP: 6/40 MP: 14/20
  3850 | D:4      | Learned a level 5 spell: Irradiate
  4130 | D:4      | Found Horry's Magic Scroll Shoppe.
  4140 | D:4      | Bought a scroll of identify for 20 gold pieces
  4140 | D:4      | Bought a scroll of identify for 20 gold pieces
  4140 | D:4      | Bought a scroll of identify for 20 gold pieces
  4140 | D:4      | Bought a scroll of identify for 20 gold pieces
  4140 | D:4      | Bought a scroll of identify for 20 gold pieces
  4140 | D:4      | Bought a scroll of identify for 20 gold pieces
  4194 | D:4      | Noticed Robin
  4196 | D:4      | Reached XP level 8. HP: 46/46 MP: 15/21
  4232 | D:4      | Killed Robin
  4335 | D:4      | Found a basalt altar of Yredelemnul.
  4426 | D:4      | Found a runed translucent door.
  4427 | D:4      | Noticed Crazy Yiuf
  4447 | D:4      | Killed Crazy Yiuf
  4742 | D:5      | Entered Level 5 of the Dungeon
  4786 | D:5      | Reached skill level 1 in Transmutations
  4803 | D:5      | Reached skill level 8 in Spellcasting
  5544 | D:6      | Slain by a wight

Illustrated notes

Levels and vault maps discovered:
D:1:      amcnicky_arrival_flooded_fountain, layout_loops_corners,
          palyth_stone_intersect, minmay_misc_feat_encased
D:2:      layout_loops_ring, basic_ecumenical_altar, kennysheep_generic_room_5
D:3:      layout_basic, portal_sewer_entry_b, ebering_ghost_sewer_d,
          minmay_checkerbox, uniq_sigmund
D:4:      layout_rooms, mainiacjoe_overflow_alcove_1, serial_shops,
          shop_scrolls, minmay_starry_boxes, uniq_crazy_yiuf_cottage,
          uniq_pikel, uniq_robin
D:5:      layout_rooms
D:6:      layout_basic, nicolae_ru_awakened_eye, grunt_ministairs_15

Skill      XL: |  1  2  3  4  5  6  7  8 |
---------------+-------------------------+-----
Spellcasting   | 5 7 8 |  8.7
Fighting       | 1 2 3 |  3.0
Armour         | 1 2 |  2.7
Conjurations   | 2 4 6 7 |  7.2
Stealth        | 3 |  3.0
Dodging        | 3 |  3.0
Air Magic      | 1 |  1.1
Poison Magic   | 1 |  1.2
Transmutations | 1 |  1.2
Summonings     | |  1.1
Translocations | |  1.1

Action                     |  1- 3 |  4- 6 |  7- 9 || total
---------------------------+-------+-------+-------++-------
  Melee: Dagger            |     1 |    34 |    13 ||    48
         Quarterstaff      |       |       |    33 ||    33
         Punch             |       |       |     1 ||     1
   Cast: Magic Dart        |    95 |    92 |   107 ||   294
         Mephitic Cloud    |       |     7 |    10 ||    17
         Call Imp          |       |     3 |     6 ||     9
   Stab: Sleeping          |     1 |     1 |       ||     2
         Confused          |       |     3 |     6 ||     9
 Armour: Robe              |    15 |    39 |    33 ||    87
         Leather armour    |       |       |    17 ||    17
  Dodge: Dodged            |    18 |    39 |    69 ||   126

Table legend: (Time is in decaauts)
 A = Elapsed time spent in this place.
 B = Non-inter-level travel time spent in this place.
 C = Inter-level travel time spent in this place.
 D = Time resting spent in this place.
 E = Time spent auto-exploring this place.
 F = Levels seen in this place.
 G = Mean time per level.
                   A        B        C        D        E       F      G
               +--------+--------+--------+--------+--------+-----+--------+
         Total |   5560 |   5403 |    157 |     70 |   4283 |   7 |  794.3 |
       Dungeon |   5209 |   5052 |    157 |     63 |   4002 |   6 |  868.2 |
         Sewer |    350 |    350 |      0 |      7 |    281 |   1 |  350.0 |
               +--------+--------+--------+--------+--------+-----+--------+

Top non-repeatable levels by time:
     D:1: 1478 daAuts
     D:2: 1222 daAuts
     D:4: 968 daAuts
     D:3: 729 daAuts
     D:5: 584 daAuts
   Sewer: 350 daAuts
     D:6: 226 daAuts
